Map: Colline di Doraelus

Players

RaZoR

  • Race: Terran Terran

Jhyrachy

  • Race: Zerg Zerg
  • League: Gold

GennaroBullo

  • Race: Terran Terran

AsSBreaker

  • Race: Protoss Protoss

spooky

  • Race: Terran Terran

AsSKicker

  • Race: Protoss Protoss
  • League: Gold

VOD

Have the link to the VOD?

Description

Time

  • Played on: May 26, 2016, 4 p.m.
  • Length: 12:45
Show
View Real Time Build Order
Export as new Build Order

RaZoR Terran 

Build Orders: Mech 

Get SALT Encoding   

  12  0:03  SCV  
  13  0:15  SCV  
  13  0:20  Supply Depot  
  14  0:27  SCV  
  15  0:31  Refinery  
  15  0:41  SCV  
  16  0:50  Barracks  
  16  0:54  SCV  
  17  1:06  SCV  
  18  1:26  SCV  
  18  1:30  Refinery  
  19  1:38  Marine, SCV  
  21  1:42  Supply Depot  
  21  1:50  Orbital Command  
  21  2:06  Barracks Tech Lab  
  21  2:07  Factory  
  21  2:15  SCV  
  22  2:30  SCV  
  23  2:39  Command Center  
  23  2:43  SCV  
  24  2:51  Factory  
  24  2:58  Siege Tank  
  27  3:08  Supply Depot  
  27  3:09  SCV  
  28  3:19  Barracks Tech Lab  
  28  3:20  Starport  
  28  3:25  SCV  
  29  3:32  Siege Tank  
  32  3:37  SCV  
  32  3:39  Factory Tech Lab  
  33  3:49  SCV  
  33  3:54  Orbital Command  
  34  4:00  Liberator  
  34  4:01  Hellion  
  34  4:02  SCV  
  37  4:11  Hellion  
  39  4:21  SCV  
  39  4:23  Hellion  
  46  4:24  SCV  
  46  4:31  Armory  
  46  4:36  SCV x2  
  46  4:38  Refinery  
  48  4:41  Refinery  
  48  4:48  SCV  
  48  4:49  Siege Tank  
  48  4:50  Hellion, SCV  
  54  5:00  Supply Depot  
  54  5:01  Supply Depot  
  54  5:05  Supply Depot  
  54  5:19  Command Center  
  54  5:21  SCV  
  54  5:22  SCV  
  54  5:26  Terran Vehicle Weapons Level 1  
  56  5:33  SCV  
  57  5:37  Supply Depot  
  57  5:39  Supply Depot  
  57  5:48  Thor  
  63  5:50  SCV  
  63  5:51  SCV  
  65  6:09  Siege Tank  
  68  6:16  SCV x2  
  70  6:25  Factory  
  70  6:26  Starport  
  70  6:28  SCV x2  
  72  6:33  Siege Tank  
  75  6:40  SCV  
  75  6:41  Siege Tank  
  79  7:01  Orbital Command  
  79  7:02  Factory  
  79  7:04  Refinery x2  
  79  7:05  Siege Tank  
  76  7:39  Starport Tech Lab  
  76  7:42  Engineering Bay  
  76  7:43  Viking  
  71  7:44  SCV x2  
  63  8:02  Viking  
  61  8:09  Missile Turret  
  61  8:13  Viking  
  63  8:26  SCV x3  
  66  8:32  Missile Turret  
  66  8:38  SCV x2  
  66  8:39  Missile Turret  
  66  8:40  Missile Turret, Viking  
  70  8:43  Viking  
  72  8:50  Factory Tech Lab, SCV x2  
  72  8:51  Factory Tech Lab  
  74  9:02  SCV  
  75  9:10  Viking  
  75  9:13  Viking  
  75  9:14  Thor  
  75  9:16  Thor  
  81  9:40  Viking  
  81  9:43  Viking  
  81  9:45  Refinery  
  85  9:53  Siege Tank  
  85  9:54  Hellion  
  85  9:58  Hellion  
  85  9:59  SCV  
  93  10:33  SCV x2  
  92  10:35  Hellion  
  92  10:47  SCV  
  93  11:00  Viking x2, Hellion x2  
  93  11:01  Thor, Command Center  
  107  11:09  Thor  
  105  11:21  Siege Tank x2  
  111  11:30  Viking  
  113  11:35  SCV x3  
  113  11:36  Missile Turret  
  116  11:43  Supply Depot  
  116  11:45  Supply Depot  
  116  11:47  Supply Depot, SCV  
  119  11:54  SCV x2  
  119  11:56  Hellion  
  119  11:57  Hellion  
  119  11:58  Hellion  
  125  12:06  Supply Depot, SCV  
  132  12:08  Supply Depot x2  
  132  12:15  Supply Depot  
  132  12:17  Hellbat  
  132  12:18  Hellion  
Show
View Real Time Build Order
Export as new Build Order

Jhyrachy Zerg 

Build Orders: Pool First 

Get SALT Encoding   

  12  0:01  Drone  
  13  0:12  Drone  
  14  0:17  Overlord  
  14  0:36  Drone  
  14  0:37  Drone x2  
  17  1:09  Spawning Pool  
  16  1:37  Drone x2  
  16  1:38  Drone  
  19  1:47  Extractor  
  19  1:51  Drone  
  19  2:05  Queen  
  19  2:06  Hatchery, Drone  
  21  2:12  Overlord  
  21  2:33  Zergling x4  
  23  2:41  Queen  
  25  3:06  Evolution Chamber  
  23  3:30  Roach Warren  
  23  3:33  Zerg Ground Armor Level 1  
  22  3:36  Queen  
  24  3:45  Drone x7  
  24  3:46  Drone x2  
  33  3:55  Extractor  
  33  3:56  Drone x3  
  35  4:17  Drone  
  35  4:19  Overlord x2  
  36  4:44  Extractor  
  36  4:45  Drone  
  36  4:46  Drone x4  
  36  4:47  Drone x2  
  42  5:03  Roach x5  
  42  5:04  Overlord x2  
  52  5:09  Lair  
  52  5:10  Evolution Chamber  
  51  5:30  Overlord x2  
  51  5:31  Hatchery  
  51  5:34  Drone  
  51  5:35  Drone x3  
  54  5:36  Overlord x3  
  54  5:52  Zerg Missile Weapons Level 1  
  54  6:20  Zergling x4  
  54  6:21  Zergling x2  
  57  6:25  Overseer  
  49  6:42  Roach x7  
  49  6:43  Roach x4  
  49  6:46  Spore Crawler  
  60  7:08  Queen  
  57  7:26  Queen  
  57  7:27  Zerg Ground Armor Level 2  
  57  7:28  Glial Reconstitution  
  59  7:56  Hatchery  
  58  8:01  Drone x3  
  58  8:02  Drone x3  
  64  8:09  Spire  
  62  8:36  Ravager x2  
  62  9:55  Mutalisk x5  
  72  10:09  Mutalisk  
  72  10:10  Mutalisk x4  
  72  10:12  Overlord x3  
  81  10:49  Mutalisk x4  
  83  10:50  Mutalisk  
  89  11:36  Extractor  
  89  11:39  Extractor  
  77  11:43  Extractor, Drone x2  
  77  11:46  Drone x4  
  82  11:50  Drone x3  
  82  11:51  Drone x3  
  88  12:02  Mutalisk x3  
  88  12:03  Mutalisk  
Show
View Real Time Build Order
Export as new Build Order

GennaroBullo Terran 

Build Orders: MMM Bio 

Get SALT Encoding   

  12  0:03  SCV  
  13  0:28  Supply Depot  
  13  0:32  Refinery  
  13  0:33  SCV  
  14  0:45  SCV  
  15  0:57  Barracks  
  15  1:15  SCV  
  16  1:23  Barracks  
  16  1:27  SCV  
  17  1:36  Supply Depot  
  17  1:39  SCV  
  18  1:48  Barracks Reactor  
  18  1:51  SCV  
  19  2:03  SCV  
  20  2:08  Engineering Bay  
  20  2:19  Factory  
  20  2:32  SCV  
  20  2:33  Refinery  
  20  2:34  Barracks Tech Lab  
  21  2:41  Marine x2  
  24  2:44  SCV  
  24  2:59  Marine x2  
  26  3:13  Orbital Command  
  26  3:14  Factory Tech Lab  
  26  3:17  Marine  
  27  3:25  Command Center  
  27  3:35  Starport  
  27  3:48  Marine  
  27  3:49  Marine  
  29  3:57  Marauder  
  31  4:08  Supply Depot  
  31  4:22  Starport Reactor  
  31  4:28  Barracks  
  31  4:30  Marine x2, SCV  
  34  4:32  Supply Depot  
  34  4:41  Missile Turret  
  34  4:44  SCV  
  35  4:48  Marine x2  
  38  4:52  SCV  
  38  4:57  SCV  
  39  5:05  SCV  
  40  5:07  Siege Tank  
  40  5:09  SCV  
  40  5:10  Medivac  
  46  5:17  SCV  
  46  5:21  SCV  
  48  5:27  Missile Turret  
  48  5:29  SCV  
  48  5:30  Terran Infantry Weapons Level 1, Supply Depot  
  48  5:33  Stimpack, SCV  
  50  5:39  Barracks Reactor  
  50  5:45  SCV  
  51  5:54  Missile Turret  
  51  6:04  Barracks  
  51  6:08  Supply Depot  
  51  6:10  Marine x3  
  54  6:23  Missile Turret  
  54  6:28  Marine  
  54  6:32  Supply Depot  
  49  7:04  Missile Turret  
  49  7:23  Barracks Reactor  
  49  7:25  Marine x2, Missile Turret  
  49  7:26  Marine x3  
  49  7:29  Command Center  
  54  7:34  Combat Shields  
  54  7:37  Engineering Bay, Terran Infantry Armor Level 1  
  54  7:43  Marine x3  
  54  7:44  Marine x2  
  54  8:01  Marine x3  
  54  8:02  Marauder  
  41  8:14  Starport  
  41  8:15  Armory  
  32  8:24  Marauder  
  19  9:15  Missile Turret  
  19  9:21  Missile Turret  
Show
View Real Time Build Order
Export as new Build Order

AsSBreaker Protoss 

Build Orders:  

Get SALT Encoding   

  12  0:02  Probe (Chrono Boost)  
  13  0:12  Probe (Chrono Boost)  
  14  0:22  Pylon  
  14  0:23  Probe (Chrono Boost)  
  15  0:40  Probe (Chrono Boost)  
  15  0:41  Forge  
  16  0:50  Pylon  
  17  0:57  Probe (Chrono Boost)  
  17  1:04  Pylon  
  17  1:16  Photon Cannon  
  16  1:45  Gateway  
  16  1:48  Assimilator  
  16  1:50  Probe (Chrono Boost)  
  17  1:59  Nexus  
  18  2:01  Probe (Chrono Boost)  
  18  2:12  Probe (Chrono Boost)  
  18  2:13  Assimilator  
  19  2:36  Cybernetics Core  
  19  2:39  Probe (Chrono Boost)  
  20  2:46  Pylon  
  20  2:49  Assimilator  
  20  2:50  Probe (Chrono Boost)  
  21  3:00  Probe (Chrono Boost)  
  22  3:08  Assimilator  
  22  3:11  Probe x2 (Chrono Boost)  
  24  3:20  Warp Gate (Chrono Boost), Probe (Chrono Boost)  
  24  3:21  Probe  
  26  3:31  Probe  
  26  3:33  Probe  
  28  3:41  Probe  
  28  3:45  Probe  
  30  3:52  Probe  
  31  3:57  Probe  
  32  4:02  Probe  
  32  4:09  Probe  
  34  4:10  Stargate  
  34  4:12  Stargate  
  34  4:13  Probe  
  34  4:15  Stargate  
  35  4:21  Probe, Pylon  
  35  4:23  Probe  
  37  4:34  Probe x2  
  39  4:41  Stargate  
  39  4:45  Probe  
  39  4:46  Probe  
  41  4:55  Probe  
  41  4:58  Probe  
  43  5:03  Void Ray x2  
  43  5:06  Probe  
  51  5:10  Probe  
  53  5:36  Pylon  
  53  5:39  Pylon  
  53  5:42  Pylon  
  53  5:45  Pylon  
  53  5:54  Void Ray x2  
  53  5:56  Oracle  
  53  5:57  Void Ray  
  68  6:32  Void Ray  
  72  6:45  Void Ray x2  
  72  6:46  Void Ray  
  84  6:57  Nexus  
  84  7:01  Assimilator  
  84  7:04  Assimilator  
  84  7:07  Pylon x2  
  84  7:09  Pylon  
  84  7:11  Pylon x2  
  84  7:13  Pylon  
  84  7:19  Pylon  
  84  7:25  Void Ray  
  84  7:28  Void Ray  
  92  7:54  Void Ray x2  
  100  8:11  Photon Cannon  
  100  8:12  Photon Cannon  
  100  8:15  Photon Cannon  
  100  8:16  Photon Cannon  
  100  8:17  Photon Cannon  
  100  8:21  Photon Cannon  
  100  8:22  Photon Cannon  
  100  8:24  Pylon  
  100  8:26  Pylon  
  100  8:33  Fleet Beacon  
  100  8:35  Void Ray x2  
  108  9:00  Mothership Core (Chrono Boost)  
  114  9:14  Probe x2 (Chrono Boost)  
  116  9:18  Probe (Chrono Boost)  
  116  9:19  Void Ray x2  
  125  9:25  Probe x2 (Chrono Boost)  
  129  9:43  Pylon  
  129  9:44  Pylon  
  129  9:46  Pylon  
  129  9:49  Pylon x2  
  126  9:54  Protoss Air Weapons Level 1 (Chrono Boost)  
  126  9:58  Void Ray x2  
  134  10:03  Void Ray  
  138  10:10  Probe  
  138  10:11  Probe  
  138  10:12  Probe  
  141  10:21  Probe  
  141  10:24  Probe  
  143  10:55  Void Ray x4  
  159  11:11  Nexus  
  159  11:42  Void Ray x4  
Show
View Real Time Build Order
Export as new Build Order

spooky Terran 

Build Orders: MMM Bio 

Get SALT Encoding   

  12  0:02  SCV  
  13  0:15  SCV  
  14  0:23  Supply Depot  
  14  0:27  SCV  
  15  0:45  SCV  
  15  0:47  Barracks  
  16  0:56  Refinery  
  16  0:57  SCV  
  17  1:09  SCV  
  18  1:21  SCV  
  19  1:26  Supply Depot  
  19  1:33  SCV  
  20  1:40  Refinery, Barracks Reactor  
  21  1:47  Orbital Command  
  20  1:56  Barracks  
  20  2:13  SCV  
  21  2:17  Marine x2, Factory  
  23  2:25  SCV  
  23  2:26  Supply Depot  
  24  2:35  Marine x2  
  26  2:37  SCV  
  26  2:41  Supply Depot  
  27  2:51  Barracks Tech Lab  
  27  2:53  Marine x2  
  27  2:54  SCV  
  30  3:13  SCV  
  30  3:15  Command Center  
  31  3:24  Starport  
  31  3:25  Factory Reactor  
  31  3:29  SCV  
  31  3:32  Marine  
  33  3:37  Stimpack  
  33  3:43  Marauder  
  33  3:45  Marine  
  36  3:48  SCV  
  37  4:03  SCV  
  37  4:07  Marine  
  37  4:08  Marine, Marauder  
  42  4:16  Supply Depot  
  42  4:20  Medivac  
  42  4:22  Factory Tech Lab  
  44  4:25  Medivac  
  44  4:28  Marine, Refinery  
  44  4:31  SCV  
  48  4:39  Orbital Command  
  48  4:43  SCV  
  49  4:49  Marine  
  49  4:50  Supply Depot  
  50  4:56  Medivac  
  50  4:59  Marine  
  53  5:09  SCV x2  
  55  5:17  Refinery  
  55  5:19  Supply Depot  
  55  5:21  SCV  
  55  5:22  Marine, Marauder, SCV  
  55  5:25  Marine  
  61  5:33  Barracks, SCV  
  61  5:34  SCV  
  63  5:45  Combat Shields  
  63  5:52  Barracks  
  63  5:53  Supply Depot  
  63  5:54  Marine x2  
  63  5:55  Marauder  
  67  6:14  Medivac x2  
  71  6:40  Marine x4, Marauder  
  71  6:44  Medivac x2  
  81  6:58  Marine  
  81  7:01  Marauder  
  81  7:04  Marine x3  
  85  7:14  Medivac x2  
  84  7:23  Marauder  
  84  7:29  Marine x4  
  66  7:44  Medivac, Marauder  
  90  7:50  Marine  
  94  7:53  Medivac  
  94  8:03  Barracks Tech Lab x2  
  94  8:06  Barracks  
  94  8:12  Supply Depot  
  94  8:13  Supply Depot  
  94  8:30  Command Center  
  94  8:33  Medivac, SCV  
  94  8:34  Marauder  
  99  8:36  Supply Depot x2  
  99  8:37  Supply Depot  
  99  8:39  Supply Depot  
  99  8:45  SCV x2  
  101  8:50  Concussive Shells  
  101  8:55  Marauder  
  103  8:57  SCV x2  
  103  9:00  Supply Depot  
  105  9:09  SCV  
  107  9:10  SCV  
  107  9:12  Marine x2, Marauder x2  
  107  9:13  Medivac x2  
  107  9:16  Marauder  
  119  9:21  SCV  
  119  9:22  SCV  
  121  9:30  Marine x2  
  114  9:33  Marauder, SCV  
  114  9:38  Marauder  
  100  9:46  Marauder  
  100  9:47  Medivac x2  
  106  9:55  Barracks, Marauder  
  106  9:56  Barracks  
  106  9:58  Barracks x3  
  106  9:59  Orbital Command  
  108  10:05  SCV x2  
  110  10:08  Refinery  
  110  10:10  Refinery  
  110  10:17  SCV  
  110  10:21  Barracks Tech Lab  
  111  10:23  Marine x2, Marauder x3  
  119  10:29  Medivac x2  
  123  10:40  Engineering Bay, Marine x2  
  123  10:41  Engineering Bay, Armory  
  125  10:44  Marine, Marauder x2  
  125  10:47  Barracks  
  125  10:49  Marine, Marauder  
  133  10:51  Barracks Tech Lab  
  133  10:52  Barracks Tech Lab, Barracks Reactor x2  
  133  10:58  Marine x2  
  133  10:59  Medivac x2  
  133  11:01  SCV x3  
  133  11:02  Marauder  
  144  11:05  Marauder  
  144  11:08  Supply Depot  
  133  11:18  Marauder x2  
  133  11:19  Marauder x2  
  137  11:28  Missile Turret  
  137  11:30  Missile Turret  
  137  11:34  Missile Turret x3  
  137  11:36  Missile Turret  
  137  11:40  Missile Turret  
  137  11:42  Missile Turret  
  137  11:45  Missile Turret  
  137  11:50  Missile Turret  
  137  11:51  Marauder x3  
  137  11:54  Marauder  
  145  12:08  Medivac x2  
  149  12:10  Marauder x2  
  149  12:13  Marauder x3  
Show
View Real Time Build Order
Export as new Build Order

AsSKicker Protoss 

Build Orders:  

Get SALT Encoding   

  12  0:01  Probe (Chrono Boost)  
  13  0:12  Probe (Chrono Boost)  
  14  0:20  Pylon  
  14  0:27  Probe (Chrono Boost)  
  15  0:31  Assimilator  
  15  0:38  Probe (Chrono Boost)  
  16  0:48  Probe (Chrono Boost)  
  17  0:52  Gateway  
  17  0:59  Assimilator, Probe (Chrono Boost)  
  18  1:09  Probe (Chrono Boost)  
  19  1:20  Probe (Chrono Boost)  
  20  1:27  Pylon  
  20  1:30  Gateway  
  20  1:40  Cybernetics Core  
  20  1:44  Probe (Chrono Boost)  
  21  1:54  Probe (Chrono Boost)  
  22  2:12  Nexus  
  22  2:19  Pylon  
  22  2:22  Probe (Chrono Boost)  
  23  2:37  Stargate  
  23  2:40  Probe (Chrono Boost)  
  24  2:46  Protoss Air Weapons Level 1 (Chrono Boost)  
  25  2:51  Probe (Chrono Boost)  
  25  3:03  Probe (Chrono Boost)  
  26  3:11  Stargate  
  26  3:14  Probe  
  26  3:16  Assimilator  
  27  3:21  Assimilator  
  27  3:25  Adept  
  27  3:26  Adept  
  31  3:40  Void Ray  
  35  3:43  Probe  
  35  3:44  Probe  
  37  3:54  Probe  
  37  3:55  Probe  
  39  4:04  Void Ray  
  43  4:11  Probe  
  43  4:14  Probe  
  45  4:21  Probe  
  46  4:26  Probe  
  46  4:31  Warp Gate (Chrono Boost)  
  47  4:32  Probe  
  47  4:33  Pylon  
  47  4:36  Void Ray  
  53  4:38  Probe  
  53  4:44  Probe  
  53  4:51  Probe  
  55  4:55  Probe  
  56  5:03  Probe  
  57  5:07  Stargate  
  57  5:10  Pylon  
  57  5:17  Void Ray  
  61  5:28  Void Ray  
  65  5:30  Pylon  
  65  5:31  Probe  
  65  5:33  Probe  
  67  5:45  Probe  
  68  5:50  Nexus  
  68  5:55  Assimilator  
  68  5:57  Probe  
  68  5:59  Probe  
  70  6:06  Void Ray  
  70  6:08  Probe  
  70  6:10  Protoss Air Armor Level 1 (Chrono Boost)  
  70  6:11  Probe  
  76  6:21  Fleet Beacon  
  76  7:08  Void Ray  
  76  7:09  Void Ray x2  
  88  7:19  Probe  
  88  7:21  Probe  
  88  7:22  Probe  
  91  7:25  Assimilator  
  91  7:30  Probe  
  91  7:34  Probe  
  93  7:49  Protoss Air Weapons Level 2 (Chrono Boost)  
  93  7:58  Void Ray  
  93  10:11  Pylon  
  93  10:14  Pylon x2  
  93  10:15  Pylon  
  93  10:16  Pylon  
  93  10:17  Pylon  
  93  10:19  Pylon x2  
  93  10:21  Pylon, Void Ray  
  93  10:23  Probe, Pylon  
  93  10:26  Void Ray  
  90  10:29  Void Ray  
  82  11:01  Stargate  
  82  11:03  Stargate  
  82  11:04  Void Ray  
  82  11:05  Stargate  
  82  11:06  Stargate  
  82  11:09  Void Ray  
  82  11:12  Void Ray  
  86  11:47  Void Ray  
  86  11:49  Pylon x3  
  86  11:52  Pylon, Void Ray  
  86  11:54  Void Ray x4  
  94  11:55  Void Ray  
Tags
 
Add a new tag
Caveats
  • Supply blocks, unpowered buildings, or Contaminate may cause inaccurate times.
  • Supply counts are checked every 10 seconds.